 Dungeon Crawl Stone Soup version 0.28-a0-1387-g3a22ab9bdc (webtiles) character file.

Game seed: 6817550268671613255

1741 HallandMoats the Demolition Demonspawn (level 8, -5/62 HPs)
             Began as a Demonspawn Fighter on Jan 3, 2022.
             Was an Elder of Makhleb.
             Slain by an orc warrior (17 damage)
             ... on level 5 of the Dungeon.
             The game lasted 00:08:40 (7508 turns).

HallandMoats the Demolition Demonspawn (DsFi)       Turns: 7508, Time: 00:08:42

Health: -5/62      AC:  8    Str: 16    XL:     8   Next: 77%
Magic:  14/14      EV: 11    Int: 11    God:    Makhleb [****..]
Gold:   332        SH:  5    Dex: 14    Spells: 7/7 levels left

rFire   + . .      SeeInvis .   a - +0 war axe
rCold   . . .      Faith    .   c - +0 buckler
rNeg    . . .      Spirit   .   k - +0 scale mail
rPois   .          Reflect  .   (no helmet)
rElec   .          Harm     .   n - +0 cloak
rCorr   .          Rampage  .   (no gloves)
Will    .....                   (boots unavailable)
Stlth   ..........              (no amulet)
HPRegen 0.20/turn               f - ring of protection from fire
MPRegen 0.14/turn               (no ring)

@: no status effects
A: hooves 3, demonic guardian 1
a: Renounce Religion, Minor Destruction, Lesser Servant of Makhleb, Major
Destruction


You were on level 5 of the Dungeon.
You worshipped Makhleb.
Makhleb was greatly pleased with you.
You visited 1 branch of the dungeon, and saw 6 of its levels.

You collected 332 gold pieces.

Inventory:

Hand Weapons
 a - a +0 war axe (weapon)
 b - a +3 whip of pain
Armour
 c - a +0 buckler (worn)
 k - a +0 scale mail (worn)
 n - a +0 cloak (worn)
Jewellery
 f - a ring of protection from fire (left hand)
Wands
 u - a wand of flame (16)
 w - a wand of iceblast (13)
 x - a wand of polymorph (4)
Scrolls
 h - a scroll of amnesia {unknown}
 i - a scroll of enchant weapon {unknown}
 j - 2 scrolls of summoning {unknown}
 l - a scroll of blinking {unknown}
 p - 2 scrolls of torment {unknown}
 s - a scroll of immolation {unknown}
 t - a scroll of vulnerability {unknown}
 v - 2 scrolls of enchant armour {unknown}
 y - a scroll of noise {unknown}
Potions
 d - a potion of might
 e - 2 potions of mutation
 g - 2 potions of berserk rage
 m - a potion of haste
 o - 3 potions of curing
 r - a potion of magic


   Skills:
 + Level 5.2 Fighting
 + Level 4.2 Axes
 + Level 4.8 Armour
 + Level 3.7 Dodging
 - Level 4.1 Shields
 * Level 8.1 Invocations


You had 7 spell levels left.
You didn't know any spells.
Your spell library contained the following spells:

 Spells                   Type           Power      Damage    Failure   Level
 Beastly Appendage        Tmut           0%         N/A       75%         1
 Sting                    Tmut/Pois      0%         1d3       75%         1
 Poisonous Vapours        Pois/Air       0%         N/A       87%         2
 Static Discharge         Conj/Air       0%         N/A       87%         2
 Wereblood                Tmut           0%         N/A       87%         2
 Spider Form              Tmut/Pois      0%         N/A       98%         3
 Dispel Undead            Necr           0%         3d6       100%        4
 Olgreb's Toxic Radiance  Pois           0%         N/A       100%        4
 Sticky Flame             Conj/Fire      0%         2d3       100%        4


Dungeon Overview and Level Annotations

Branches:
Dungeon (6/15)
 Temple: D:4-7

Altars:
Kikubaaqudgha
Makhleb

Shops:
D:4 =


Innate Abilities, Weirdness & Mutations

You have hooves in place of feet.
A weak demonic guardian rushes to your aid.


Message History

The orc warrior hits you with a +0 scimitar!
You closely miss the orc warrior. Your kick misses the orc warrior.
The orc warrior is heavily wounded.
You block the orc warrior's attack.
You barely miss the orc warrior.
The orc warrior is heavily wounded.
You block the orc warrior's attack.
You closely miss the orc warrior.
You kick the orc warrior, but do no damage.
The orc warrior is heavily wounded.
The orc warrior hits you with a +0 scimitar.
You closely miss the orc warrior. Your kick misses the orc warrior.
The orc warrior is heavily wounded.
You block the orc warrior's attack.
The orc warrior hits you with a +0 scimitar!
* * * LOW HITPOINT WARNING * * *
A demonic guardian appears!
You closely miss the orc warrior. You kick the orc warrior.
The orc warrior is heavily wounded.
You block the orc warrior's attack.
Your iron imp closely misses the orc warrior.
You closely miss the orc warrior.
You kick the orc warrior, but do no damage.
The orc warrior is heavily wounded.
You block the orc warrior's attack.
Your iron imp completely misses the orc warrior.
You see here a +0 flail.
The orc warrior hits you but does no damage.
What are your orders? t - Shout!
Orders for allies: a - Attack new target. r - Retreat! s - Stop attacking. g - Guard the area. f - Follow me.
Anything else - Cancel.
Gang up on whom?
Press: ? - help, Dir - move target, f - orc warrior
Aim: an orc warrior, wielding a +0 scimitar and wearing a +0 plate armour (heavily wounded, ally target) Attack!
The orc warrior hits you with a +0 scimitar!
You die...

##.#.##......†..#.# #########
# #.#.....########.# #.......#
# ##.#.....# #.....# #.......#
#
.#.#.....####.########.......#
#
...#..<..#........#..'.......#
#
..<......#.##.###.#.##.......#
...#.....#.##.....#..........#
...#.###.#.##########........#
...#.# #...#....@o5)#.##.#####
#....#######.######>#.##.#
#..###...#...# #.#.##.# ####
#......#.#.########.#.####
#...
#....###.#.#........#.#####
#.##
#........#.#.###<.........#
#.#. #.#...####.#.#
#..........# #.#. #.#.#.#
#.#.# #..........# #.#.
..#.#.#
#.#.######'##########.#.


You could see an orc warrior (ally target) and a friendly iron imp (summoned).

Vanquished Creatures
  2 water moccasins
  2 black bears (D:5)
  A necrophage (D:3)
  A centaur (D:5)
  A bullfrog (D:5)
  A scorpion (D:4)
  2 water moccasin skeletons
  A water moccasin zombie (D:5)
  2 howler monkeys
  A centaur zombie (D:5)
  5 hounds
  Jessica (D:3)
  2 iguanas
  Natasha (thrice) (D:4)
  2 orc wizards (D:3)
  A scorpion zombie (D:5)
  2 hound skeletons
  13 gnolls
  6 adders
  An adder skeleton (D:4)
  2 worms (D:2)
  2 dart slugs
  11 orcs
  11 endoplasms
  A giant cockroach (D:1)
  33 goblins
  27 hobgoblins
  5 quokkas
  6 ball pythons
  6 bats
  2 frilled lizards
  5 kobolds
  7 rats
168 creatures vanquished.

Vanquished Creatures (collateral kills)
  2 gnolls (D:3)
  An adder (D:3)
  A worm (D:3)
  4 goblins (D:3)
  3 hobgoblins (D:3)
11 creatures vanquished.

Grand Total: 179 creatures vanquished

Notes
Turn   | Place    | Note
-------+----------+-------------------------------------------
     0 | D:1      | HallandMoats the Demonspawn Fighter began the quest for the
                  | Orb.
     0 | D:1      | Reached XP level 1. HP: 18/18 MP: 1/1
    64 | D:1      | Reached skill level 1 in Invocations
   195 | D:1      | Gained mutation: You have large cloven feet. [demonic
                  | ancestry]
   195 | D:1      | Reached XP level 2. HP: 24/24 MP: 2/2
   208 | D:1      | Found a faded altar of an unknown god.
   363 | D:1      | Prayed at the altar of an unknown god.
   363 | D:1      | Became a worshipper of Makhleb the Destroyer
   363 | D:1      | Reached * piety under Makhleb
  1105 | D:2      | Reached skill level 2 in Invocations
  1105 | D:2      | Gained mutation: A weak demonic guardian rushes to your
                  | aid. [demonic ancestry]
  1105 | D:2      | Reached XP level 3. HP: 11/29 MP: 4/4
  1970 | D:2      | Gained mutation: You have hoof-like feet. [demonic
                  | ancestry]
  1970 | D:2      | Reached XP level 4. HP: 35/35 MP: 4/6
  2068 | D:3      | Noticed Jessica
  2468 | D:3      | Reached skill level 1 in Dodging
  2508 | D:3      | Reached skill level 3 in Invocations
  3110 | D:3      | Killed Jessica
  3111 | D:3      | Reached XP level 5. HP: 41/41 MP: 7/7
  3122 | D:3      | Reached ** piety under Makhleb
  3125 | D:3      | Noticed a necrophage
  3139 | D:3      | Killed a necrophage
  3257 | D:3      | Reached skill level 4 in Invocations
  3310 | D:3      | Reached XP level 6. HP: 38/48 MP: 9/9
  3520 | D:3      | Reached *** piety under Makhleb
  4673 | D:4      | Found Finiluam's Jewellery Shop.
  4752 | D:4      | Gained mutation: You have hooves in place of feet. [demonic
                  | ancestry]
  4752 | D:4      | Reached XP level 7. HP: 42/54 MP: 10/10
  4752 | D:4      | Reached **** piety under Makhleb
  4753 | D:4      | Reached skill level 5 in Invocations
  5000 | D:4      | Noticed Natasha
  5007 | D:4      | Killed Natasha
  5097 | D:4      | Found an ancient bone altar of Kikubaaqudgha.
  5117 | D:4      | Noticed Natasha
  5121 | D:4      | Killed Natasha
  5267 | D:4      | Noticed Natasha
  5274 | D:4      | Killed Natasha
  5780 | D:5      | Entered Level 5 of the Dungeon
  5800 | D:4      | Reached skill level 6 in Invocations
  6260 | D:5      | Reached XP level 8. HP: 61/61 MP: 12/12
  6409 | D:5      | Reached skill level 7 in Invocations
  7052 | D:5      | Reached skill level 5 in Fighting
  7235 | D:5      | Reached skill level 8 in Invocations
  7508 | D:5      | Slain by an orc warrior

Illustrated notes

Levels and vault maps discovered:
D:1:      moated_graveyard_arrival, layout_rooms,
          shapermc_ecumenical_altar_notcrosses, dk_noncrumbling_2
D:2:      layout_basic
D:3:      minmay_goblin_kobold_castle, layout_basic, uniq_jessica
D:4:      layout_basic, kiku_gazebo_pond_becter, serial_shops,
          nicolae_shop_crystal, uniq_natasha
D:5:      layout_basic, minmay_fractal_squares_5
D:6:      corexii_shantytown, layout_cave_pods, minmay_circle_x

Skill      XL: |  1  2  3  4  5  6  7  8 |
---------------+-------------------------+-----
Invocations    | 1 2 3 4 6 8 |  8.1
Axes           | 2 3 4 |  4.2
Shields        | 3 4 |  4.1
Armour         | 3 4 |  4.8
Dodging        | 1 2 3 |  3.7
Fighting       | 4 5 |  5.2

Action                   |  1- 3 |  4- 6 |  7- 9 || total
-------------------------+-------+-------+-------++-------
Melee: War axe           |    68 |    86 |   198 ||   352
       Kick              |    23 |    57 |    57 ||   137
       Whip              |    27 |   115 |       ||   142
  Use: Potion            |       |     1 |       ||     1
       Scroll            |       |       |     4 ||     4
 Stab: Distracted        |       |     1 |       ||     1
Armor: Scale mail        |    46 |   139 |    92 ||   277
Dodge: Dodged            |    42 |   164 |   124 ||   330
Block: Buckler           |    22 |    93 |    90 ||   205

Table legend: (Time is in decaauts)
 A = Elapsed time spent in this place.
 B = Non-inter-level travel time spent in this place.
 C = Inter-level travel time spent in this place.
 D = Time resting spent in this place.
 E = Time spent auto-exploring this place.
 F = Levels seen in this place.
 G = Mean time per level.
                   A        B        C        D        E       F      G
               +--------+--------+--------+--------+--------+-----+--------+
         Total |   7657 |   7576 |     81 |   1519 |   4594 |   6 | 1276.2 |
       Dungeon |   7657 |   7576 |     81 |   1519 |   4594 |   6 | 1276.2 |
               +--------+--------+--------+--------+--------+-----+--------+

Top non-repeatable levels by time:
     D:3: 2386 daAuts
     D:4: 1661 daAuts
     D:5: 1290 daAuts
     D:2: 1278 daAuts
     D:1: 1016 daAuts
     D:6: 23 daAuts
